 Dungeon Crawl Stone Soup version 0.31.0-32-g396128a36d (webtiles) character file.

Game seed: 16344864629839806340

19219 monsoonserge the Grappler (level 12, -50/93 HPs)
             Began as a Gnoll Shapeshifter on Mar 10, 2024.
             Was an Initiate of Gozag.
             Killed from afar by a bog body (60 damage)
             ... with a bolt of cold
             ... on level 2 of the Lair of Beasts.
             The game lasted 01:10:54 (14588 turns).

monsoonserge the Grappler (Gnoll Shapeshifter)     Turns: 14588, Time: 01:10:55

Health: -50/93     AC: 16    Str: 23    XL:     12   Next: 66%
Magic:  23/23      EV: 25    Int: 10    God:    Gozag
Gold:   1129       SH:  0    Dex: 13    Spells: 15/26 levels left

rFire   x x          .
                       - Unarmed
rCold   x x .        u - melded +0 kite shield
rNeg    . . .        G - melded +0 plate armour
rPois   +            A - +0 helmet
rElec   .            R - +0 cloak
rCorr   .            v - +1 pair of gloves
SInv    +            K - +2 pair of boots of Pandemonium {Fly}
Will    .....        I - amulet of Elemental Vulnerability {rPois rF-- rC-- AC+8}
Stlth   ++           H - +6 ring of strength
HPRegen 0.35/turn    x - ring of the Voivode {EV+5 SInv}
MPRegen 0.18/turn

%: no passive effects
@: flux-form, flying, hasted, glowing, very quick
A: glow, contaminating, fangs 1, strong nose, distributed training
a: Begin Untransformation, Renounce Religion, Potion Petition, Call Merchant,
Bribe Branch


You were on level 2 of the Lair of Beasts.
You worshipped Gozag.
Gozag was most pleased with you.
You were something dangerously unstable.
You visited 3 branches of the dungeon, and saw 14 of its levels.
You also visited: Bailey and Ice Cave.

You collected 4618 gold pieces.
You spent 1497 gold pieces at shops.
You paid 1992 gold pieces to Gozag.

Inventory:

Missiles
 e - 8 atropa-tipped darts
 f - 10 curare-tipped darts
 k - 2 darts of dispersal
 r - 25 boomerangs
 F - 50 poisoned darts (quivered)
 V - 2 throwing nets
Armour
 a - a +0 leather armour of resistance
 n - the +0 ring mail of Hide-and-Seek {Str+3}
   (You bought it in a shop on level 6 of the Dungeon)

   Str+3:     It affects your strength (+3).
 u - a +0 kite shield (melded)
 v - a +1 pair of gloves (worn)
 A - a +0 helmet (worn)
 G - a +0 plate armour (melded)
 K - the +2 pair of boots of Pandemonium (worn) {Fly}
   (You found it on level 2 of the Lair of Beasts)

   Fly:       It grants you flight.
 M - the +5 scale mail of Hangman {rN++ Int+6 Slay-4}
   (You found it in an ice cave)

   Int+6:     It affects your intelligence (+6).
   Slay-4:    It affects your accuracy & damage with ranged weapons and melee
   (-4).
   rN++:      It greatly protects you from negative energy.
 R - a +0 cloak (worn)
 W - a +2 chain mail of fire resistance
Jewellery
 h - an amulet of reflection
 s - a ring of protection from fire
 w - a ring of flight
 x - the ring of the Voivode (right hand) {EV+5 SInv}
   (You found it on level 1 of the Lair of Beasts)

   [ring of evasion]

   EV+5:      It affects your evasion (+5).
   SInv:      It lets you see invisible.
 H - a +6 ring of strength (left hand)
 I - the amulet of Elemental Vulnerability (around neck) {rPois rF-- rC-- AC+8}
   (You found it on level 7 of the Dungeon)

   [amulet of nothing]

   AC+8:      It affects your AC (+8).
   rF--:      It makes you very vulnerable to fire.
   rC--:      It makes you very vulnerable to cold.
   rPois:     It protects you from poison
 Q - a ring of protection from cold
Talismans
 c - a beast talisman
 d - a flux talisman (active)
Wands
 B - a wand of polymorph (8)
 C - a wand of charming (5)
 U - a wand of digging (5)
 Y - a wand of roots (15)
 Z - a wand of quicksilver (6)
Scrolls
 g - 10 scrolls of teleportation
 l - a scroll of summoning {unknown}
 m - 2 scrolls of revelation
 o - 4 scrolls of amnesia {unknown}
 q - 3 scrolls of immolation
 t - a scroll of blinking {unknown}
 D - a scroll of fear {unknown}
 J - a scroll of fog {unknown}
 L - 2 scrolls of poison
 N - 2 scrolls of noise {unknown}
 O - 2 scrolls of torment {unknown}
 P - a scroll of enchant armour {unknown}
Potions
 b - a potion of lignification
 i - 7 potions of curing
 j - a potion of ambrosia
 p - 4 potions of enlightenment
 z - 3 potions of cancellation {unknown}
 S - a potion of degeneration {unknown}
 X - 2 potions of might
Miscellaneous
 y - a sack of spiders
 T - a condenser vane


   Skills:
 + Level 8.2 Fighting
 + Level 7.8 Short Blades
 + Level 7.8 Long Blades
 + Level 7.8 Axes
 + Level 7.8 Maces & Flails
 + Level 7.8 Polearms
 + Level 7.8 Staves
 + Level 7.8 Ranged Weapons
 + Level 7.8 Throwing
 + Level 7.8 Armour
 + Level 9.1 Dodging
 + Level 7.8 Stealth
 + Level 7.8 Shields
 + Level 10.2 Unarmed Combat
 + Level 7.8 Spellcasting
 + Level 6.4 Conjurations
 + Level 6.4 Hexes
 + Level 6.4 Summonings
 + Level 6.4 Necromancy
 + Level 6.4 Translocations
 + Level 6.4 Fire Magic
 + Level 6.4 Ice Magic
 + Level 6.4 Air Magic
 + Level 6.4 Earth Magic
 + Level 6.4 Alchemy
 + Level 8.5 Invocations
 + Level 7.8 Evocations
 + Level 9.7 Shapeshifting


You had 15 spell levels left.
You knew the following spells:

 Your Spells              Type           Power      Damage    Failure   Level
a - Blink                 Tloc           32%        N/A       1%          2
b - Mephitic Cloud        Conj/Alch/Air  16%        N/A       3%          3
c - Lesser Beckoning      Tloc           32%        N/A       1%          2
d - Vhi's Electric Charg  Tloc/Air       32%        N/A       12%         4

Your spell library contained the following spells:

 Spells                   Type           Power      Damage    Failure   Level
 Ensorcelled Hibernation  Hex/Ice        32%        N/A       1%          2
 Mercury Vapours          Alch/Air       32%        N/A       1%          2
 Momentum Strike          Conj/Tloc      32%        3d8       1%          2
 Dazzling Flash           Conj/Hex       32%        N/A       3%          3
 Frozen Ramparts          Ice            32%        1d5       3%          3
 Gell's Gravitas          Tloc           16%        N/A       3%          3
 Inner Flame              Hex/Fire       16%        N/A       3%          3
 Passwall                 Erth           16%        N/A       3%          3
 Swiftness                Air            16%        N/A       3%          3
 Teleport Other           Tloc           16%        N/A       3%          3
 Tukima's Dance           Hex            16%        N/A       3%          3
 Dimensional Bullseye     Hex/Tloc       8%         N/A       12%         4
 Iskenderun's Mystic Bla  Conj/Tloc      16%        2d5       12%         4
 Leda's Liquefaction      Alch/Erth      8%         N/A       12%         4
 Manifold Assault         Tloc           16%        N/A       12%         4
 Petrify                  Alch/Erth      16%        N/A       12%         4
 Arcjolt                  Conj/Air       8%         1d18      32%         5
 Curse of Agony           Necr           16%        N/A       32%         5
 Freezing Cloud           Conj/Ice/Air   8%         6-21      32%         5
 Irradiate                Conj/Alch      8%         3d14      32%         5
 Metabolic Englaciation   Hex/Ice        8%         N/A       32%         5
 Silence                  Hex/Air        8%         N/A       32%         5
 Dispersal                Tloc           8%         N/A       88%         6
 Plasma Beam              Fire/Air       8%         2x1d18    88%         6
 Disjunction              Tloc           8%         N/A       100%        8
 Ignition                 Fire           8%         3d5       100%        8


Dungeon Overview and Level Annotations

Branches:
Dungeon (11/15)            Temple (1/1) D:5            Lair (2/5) D:10
 Spider (0/4) Lair:2          Orc (0/2) D:11         Bailey (visited)
  IceCv (visited)
  Swamp: Lair:2-3    Shoals: Lair:2-3

Altars:
Ashenzari
Cheibriados
Dithmenos
Elyvilon
Fedhas
Gozag
Hepliaklqana
Kikubaaqudgha
Makhleb
Nemelex Xobeh
Okawaru
Qazlal
Ru
Sif Muna
Trog
Uskayaw
Vehumet
Wu Jian
Xom
Yredelemnul
Zin
The Shining One

Shops:
D:6 *   D:10 [

Annotations:
D:6 2 transporters, spaghetti's ghost, novice TeCK
Lair:1 Gastronok
Lair:2 3 runed translucent doors, Chant0's ghost, journeyman MiHu


Innate Abilities, Weirdness & Mutations

You are something dangerously unstable.
You glow with magical radiation, making you easy to see and hit.
Foes you strike become dangerously contaminated with magical radiation.
You are incapable of wielding weapons or throwing items.
You have very sharp teeth.
Your uncanny sense of smell can sniff out nearby items.
Your experience applies equally to all skills.


Message History

You now have 1115 gold pieces (gained 8).
Found 14 gold pieces.
Found a scroll of teleportation.
Found a stone staircase leading down.
You now have 1129 gold pieces (gained 14).
There are no items here.
g - 10 scrolls of teleportation (gained 1)
There are no items here.
You see here a staff of alchemy.
You see here a staff of alchemy.
Found a runed translucent gate.
The nine-headed hydra roars!
Found a glowing war axe and a scroll of immolation.
The 11-headed hydra roars!
Found a murky blue potion, 2 metallic coppery potions and 11 gold pieces.
Chant0's ghost turns its malevolent gaze towards you.
There is a fountain of clear blue water here.
A bog body comes into view.
An electric eel comes into view.
An electric eel comes into view.
The bog body closely misses you.
You hit the bog body but do no damage.
The bog body begins to glow.
The bog body touches you! The bog body freezes you!!!
You feel a terrible chill! The bog body completely misses you.
You completely miss the bog body. The bog body touches you!
The bog body freezes you!!
You feel a terrible chill!
* * * LOW HITPOINT WARNING * * *
Press: ? - help, v - describe, . - travel
Here: a bog body (contaminated)
The floor.
Okay, then.
You feel yourself speed up.
The bog body points at you and mumbles some strange words.
The bolt of cold misses you. The bog body casts a spell at you.
The bolt of cold hits you!!!
You feel a terrible chill!
Ouch! That really hurt!
You die...
Your body crumbles into a pile of gold.

# #####..##.# #...#### #
#.P..#.#### #P...#..
##### ##...#### ###.....
..P.########.....#♣
#.....
......P##.........♣
#.....
.............♣♣♣♣♣♣ ♣♣♣♣
♣♣♣...
...........♣♣♣≈.°~♣ ≈≈≈≈~
♣♣..
..........⌠.....♣.♣...♣.♣
♣..
..........⌠.....p.n......
♣..
...........♣♣♣~.~~≈~≈~≈~~
♣♣..
.............♣♣♣♣♣♣♣♣♣♣♣♣
♣♣... ..................♣
#...# .............######
###...# ...........#.#
#P....# .........#####
#...#.# ...P.....#
###..##.. ####..#..##
#....#...


You could see a bog body (contam).

Vanquished Creatures
  A catoblepas (Lair:2)
  Erica (D:9)
  2 two-headed ogres
  A skyshark (Lair:2)
  2 bog bodies (IceCv)
  An oklob plant (D:10)
  Maurice (D:7)
  Joseph (D:9)
  An ice statue (IceCv)
  A gargoyle (D:11)
  4 cane toads
  2 komodo dragons
  An anaconda simulacrum (IceCv)
  3 blink frogs (Lair:2)
  Sigmund (D:4)
  A shadow (D:9)
  A wyvern (D:9)
  2 dire elephant simulacra (IceCv)
  A wraith (D:10)
  3 yaks (D:11)
  6 vampire mosquitoes
  The ghost of GigaNiga123 the Chopper, an amateur DsCK of Ashenzari (D:3)
  2 death yak simulacra (IceCv)
  Menkaure (D:7)
  4 water moccasins
  2 hydra simulacra (IceCv)
  Duvessa (D:4)
  3 sky beasts (D:7)
  6 orc warriors
  6 ice beasts
  A black bear (D:5)
  3 boggarts (D:9)
  An ogre (D:6)
  13 wolves
  4 centaurs
  A phantom (D:6)
  9 bullfrogs
  9 kobold brigands
  2 cane toad simulacra (IceCv)
  4 gnoll sergeants
  10 two-headed ogre simulacra
  3 scorpions
  5 wights (D:9)
  Dowan (D:4)
  2 elephant simulacra (IceCv)
  9 killer bees
  2 howler monkeys
  A bombardier beetle (D:6)
  2 hounds
  Crazy Yiuf (D:4)
  2 orc priests
  2 jellies
  An iguana (D:7)
  3 sleepcaps
  8 orc wizards
  3 killer bee zombies (D:8)
  8 spriggan simulacra
  4 polar bear simulacra (IceCv)
  3 troll simulacra
  3 wolf simulacra (IceCv)
  An ogre zombie (D:8)
  A mummy (D:8)
  4 adders
  18 gnolls
  6 naga simulacra
  6 white imps
  12 ufetubi
  4 dart slugs
  A ribbon worm (D:2)
  24 orcs
  4 bats
  11 endoplasms
  3 giant cockroaches
  12 goblins
  2 hobgoblins (D:2)
  3 jackals (D:2)
  A quokka (D:2)
  8 ball pythons
  3 frilled lizards
  25 kobolds
  3 rats
335 creatures vanquished.

Vanquished Creatures (collateral kills)
  A death yak simulacrum (IceCv)
1 creature vanquished.

Grand Total: 336 creatures vanquished

Notes
Turn   | Place    | Note
-------+----------+-------------------------------------------
     0 | D:1      | monsoonserge the Gnoll Shapeshifter began the quest for the
                  | Orb.
     0 | D:1      | Reached XP level 1. HP: 17/17 MP: 1/1
   260 | D:1      | Reached XP level 2. HP: 23/23 MP: 2/2
   973 | D:2      | Reached XP level 3. HP: 21/28 MP: 3/3
  1118 | D:2      | Reached skill level 1 in Invocations
  1820 | D:3      | Reached skill level 1 in Short Blades
  1820 | D:3      | Reached skill level 1 in Long Blades
  1820 | D:3      | Reached skill level 1 in Axes
  1820 | D:3      | Reached skill level 1 in Maces & Flails
  1820 | D:3      | Reached skill level 1 in Polearms
  1820 | D:3      | Reached skill level 1 in Staves
  1820 | D:3      | Reached skill level 1 in Ranged Weapons
  1820 | D:3      | Reached skill level 1 in Throwing
  1820 | D:3      | Reached skill level 1 in Armour
  1820 | D:3      | Reached skill level 1 in Stealth
  1820 | D:3      | Reached skill level 1 in Shields
  1820 | D:3      | Reached skill level 1 in Spellcasting
  1820 | D:3      | Reached skill level 1 in Evocations
  1911 | D:3      | Found a runed translucent gate.
  1911 | D:3      | Found a runed translucent gate.
  1912 | D:3      | Found a runed translucent gate.
  1914 | D:3      | Noticed GigaNiga123's ghost (amateur DsCK)
  1914 | D:3      | Noticed a kobold brigand
  2229 | D:3      | Reached XP level 4. HP: 30/34 MP: 5/5
  2250 | D:3      | Reached skill level 1 in Conjurations
  2250 | D:3      | Reached skill level 1 in Hexes
  2250 | D:3      | Reached skill level 1 in Summonings
  2250 | D:3      | Reached skill level 1 in Necromancy
  2250 | D:3      | Reached skill level 1 in Translocations
  2250 | D:3      | Reached skill level 1 in Fire Magic
  2250 | D:3      | Reached skill level 1 in Ice Magic
  2250 | D:3      | Reached skill level 1 in Air Magic
  2250 | D:3      | Reached skill level 1 in Earth Magic
  2250 | D:3      | Reached skill level 1 in Alchemy
  2263 | D:3      | Found a faded altar of an unknown god.
  2653 | D:4      | Reached XP level 5. HP: 40/40 MP: 5/7
  2732 | D:4      | Noticed Duvessa
  2863 | D:5      | Entered Level 5 of the Dungeon
  2863 | D:5      | Noticed a black bear
  2869 | D:5      | Killed a black bear
  2870 | D:5      | Reached skill level 5 in Dodging
  2870 | D:5      | Reached XP level 6. HP: 43/47 MP: 7/9
  2872 | D:5      | Noticed an ice beast
  2873 | D:5      | Noticed a water moccasin
  2884 | D:5      | Killed an ice beast
  2886 | D:5      | Reached skill level 7 in Unarmed Combat
  2886 | D:5      | Reached XP level 7. HP: 37/52 MP: 8/10
  3093 | D:5      | Found a staircase to the Ecumenical Temple.
  3103 | Temple   | Entered the Ecumenical Temple
  3119 | Temple   | Became a worshipper of Gozag Ym Sagoz the Greedy
  3400 | D:4      | Noticed Dowan
  3416 | D:4      | Killed Duvessa
  3417 | D:4      | Reached XP level 8. HP: 46/60 MP: 12/12
  3420 | D:4      | Killed Dowan
  3433 | D:4      | Noticed Sigmund
  3461 | D:4      | Killed Sigmund
  3676 | D:4      | Found a shimmering blue altar of Sif Muna.
  3701 | D:4      | Found a runed translucent door.
  3702 | D:4      | Noticed Crazy Yiuf
  4310 | D:6      | Identified a scroll of acquirement
  4314 | D:5      | Acquired 960 gold pieces
  4413 | D:6      | Found an ornate altar of the Wu Jian Council.
  4417 | D:6      | Bought an emerald potion for 21 gold pieces
  4417 | D:6      | Bought a cyan potion for 21 gold pieces
  4417 | D:6      | Bought an encrusted ring mail for 216 gold pieces
  4417 | D:6      | Identified the +0 ring mail of Hide-and-Seek {Str+3} (You
                  | bought it in a shop on level 6 of the Dungeon)
  4482 | D:6      | Found a broken altar of Ashenzari.
  4539 | D:6      | Reached XP level 9. HP: 60/66 MP: 14/14
  4721 | D:6      | Found a transporter.
  4721 | D:6      | Found a transporter.
  4721 | D:6      | Noticed spaghetti's ghost (novice TeCK)
  4725 | D:6      | Noticed a queen bee
  4757 | D:6      | Noticed a hornet
  4911 | D:7      | Noticed Menkaure
  4915 | D:7      | Killed Menkaure
  4916 | D:7      | Reached skill level 5 in Fighting
  5036 | D:7      | Found the amulet of Elemental Vulnerability {rPois rF--
                  | rC-- AC+8}
  5203 | D:7      | Noticed Maurice
  5206 | D:7      | Maurice stole a +4 ring of protection
  5212 | D:7      | Maurice stole a throwing net
  5227 | D:7      | Something stole a +3 dagger of holy wrath
  5244 | D:7      | Killed Maurice
  5245 | D:7      | Reached skill level 8 in Unarmed Combat
  5245 | D:7      | Reached skill level 5 in Invocations
  6028 | D:7      | Reached skill level 5 in Short Blades
  6028 | D:7      | Reached skill level 5 in Long Blades
  6028 | D:7      | Reached skill level 5 in Axes
  6028 | D:7      | Reached skill level 5 in Maces & Flails
  6028 | D:7      | Reached skill level 5 in Polearms
  6028 | D:7      | Reached skill level 5 in Staves
  6028 | D:7      | Reached skill level 5 in Ranged Weapons
  6028 | D:7      | Reached skill level 5 in Throwing
  6028 | D:7      | Reached skill level 5 in Armour
  6028 | D:7      | Reached skill level 5 in Stealth
  6028 | D:7      | Reached skill level 5 in Shields
  6028 | D:7      | Reached skill level 5 in Spellcasting
  6028 | D:7      | Reached skill level 5 in Evocations
  6028 | D:7      | Reached XP level 10. HP: 70/76 MP: 17/17
  6044 | D:8      | Found a stormy altar of Qazlal.
  6183 | D:8      | Found a flagged portal.
  6195 | D:8      | Learned a level 2 spell: Blink
  6199 | D:8      | Learned a level 3 spell: Mephitic Cloud
  6209 | Bailey   | Entered a bailey
  6549 | Bailey   | Found a bloodstained altar of Trog.
  6652 | D:8      | Found a shimmering altar of Xom.
  6704 | D:8      | Learned a level 2 spell: Lesser Beckoning
  6720 | D:8      | Found a hide-covered altar of Uskayaw.
  6905 | D:3      | Killed GigaNiga123's ghost
  7043 | D:4      | Killed Crazy Yiuf
  7435 | D:9      | Noticed Erica
  7449 | D:9      | Killed Erica
  7690 | D:9      | Reached skill level 9 in Unarmed Combat
  7875 | D:9      | Noticed Joseph
  7886 | D:9      | Killed Joseph
  7887 | D:9      | Reached skill level 5 in Conjurations
  7887 | D:9      | Reached skill level 5 in Hexes
  7887 | D:9      | Reached skill level 5 in Summonings
  7887 | D:9      | Reached skill level 5 in Necromancy
  7887 | D:9      | Reached skill level 5 in Translocations
  7887 | D:9      | Reached skill level 5 in Fire Magic
  7887 | D:9      | Reached skill level 5 in Ice Magic
  7887 | D:9      | Reached skill level 5 in Air Magic
  7887 | D:9      | Reached skill level 5 in Earth Magic
  7887 | D:9      | Reached skill level 5 in Alchemy
  7887 | D:9      | Reached XP level 11. HP: 56/83 MP: 20/20
  8167 | D:9      | Found a burning altar of Makhleb.
  8432 | D:6      | Bought a condenser vane for 960 gold pieces
  8480 | D:10     | Entered Level 10 of the Dungeon
  8654 | D:10     | Noticed a two-headed ogre
  8705 | D:10     | Found a staircase to the Lair.
  9046 | D:10     | Killed a two-headed ogre
  9271 | D:10     | Noticed an oklob plant
  9410 | D:10     | Killed an oklob plant
  9807 | D:11     | Found a frozen archway.
  9949 | IceCv    | Entered an ice cave
 11306 | IceCv    | Noticed a bog body
 11306 | IceCv    | Noticed a bog body
 11320 | IceCv    | Killed a bog body
 11325 | IceCv    | Killed a bog body
 11330 | IceCv    | Reached XP level 12. HP: 39/91 MP: 22/22
 11361 | IceCv    | Identified the +5 scale mail of Hangman {rN++ Int+6 Slay-4}
 12086 | D:11     | Noticed a two-headed ogre
 12098 | D:11     | Killed a two-headed ogre
 12284 | D:11     | Found a staircase to the Orcish Mines.
 13064 | Lair:1   | Entered Level 1 of the Lair of Beasts
 13230 | Lair:1   | Reached skill level 10 in Unarmed Combat
 13246 | Lair:1   | Identified the ring of the Voivode {EV+5 SInv}
 13352 | D:10     | Bought a jewelled leather armour for 154 gold pieces
 13352 | D:10     | Identified the +0 leather armour of the Wumpus {rElec rN+
                  | Dex-5} (You bought it in a shop on level 10 of the Dungeon)
 13352 | D:10     | Bought a polished robe for 125 gold pieces
 13352 | D:10     | Identified the +1 robe of Skepticism {Harm *Slow +Inv
                  | rPois} (You bought it in a shop on level 10 of the Dungeon)
 13539 | Lair:1   | Learned a level 4 spell: Vhi's Electric Charge
 13566 | Lair:1   | Identified the +1 robe of the Zealous God {Stlth+}
 13739 | Lair:1   | Noticed Gastronok
 13758 | Lair:2   | Noticed a catoblepas
 13791 | Lair:2   | Noticed a skyshark
 13803 | Lair:2   | Killed a skyshark
 13879 | Lair:2   | Found a hole to the Spider Nest.
 14342 | Lair:2   | Killed a catoblepas
 14350 | Lair:2   | Identified the +2 pair of boots of Pandemonium {Fly}
 14505 | Lair:2   | Found a runed translucent gate.
 14505 | Lair:2   | Noticed a nine-headed hydra
 14506 | Lair:2   | Found a runed translucent gate.
 14506 | Lair:2   | Noticed Chant0's ghost (journeyman MiHu)
 14507 | Lair:2   | Noticed an 11-headed hydra
 14508 | Lair:2   | Found a runed translucent gate.
 14588 | Lair:2   | Killed from afar by a bog body

Illustrated notes

Levels and vault maps discovered:
D:1:      sevenhm_arrival_forest_fort_large_2, layout_basic
D:2:      layout_loops_cross, grunt_decor_resistance, minmay_split_cup_small
D:3:      layout_basic, hellmonk_ecumenical_altar_inner_sanctum,
          gammafunk_ghost_nasty_kobolds, glass_columns_a, corexii_corridor_pit,
          minmay_checkerbox
D:4:      layout_rooms, led_sif_pool, uniq_sigmund, uniq_duvessa,
          uniq_crazy_yiuf_cottage
D:5:      layout_rooms, temple_green
D:6:      layout_gridville, mainiacjoe_overflow_catwalk_spiral,
          gammafunk_ghost_hive
D:7:      layout_loops_ring, minmay_liquid_box, kennysheep_crisscross,
          minmay_crystal_room, glass_columns_b, minmay_stone_trees_medium,
          moated_statue, uniq_maurice, uniq_menkaure
D:8:      layout_rooms, nicolae_qazlal_style_of_elements,
          mainiacjoe_overflow_alcove_4, mainiacjoe_overflow_brackets,
          enter_bailey_3, minmay_mini_ossuary
D:9:      layout_gridville, lightli_temple_of_fire, uniq_erica, uniq_joseph
D:10:     layout_rooms, dpeg_oklobed_lair
D:11:     layout_stronghold, orc_0_dummy, serial_co_window_serial,
          co_window_of_opportunity_a, co_window_of_opportunity_a,
          co_window_paths_b, co_window_cross_1, co_window_corner_a,
          co_window_paths_c, co_window_of_opportunity_c, co_window_broadway_c,
          co_window_paths_c, glass_columns_a, glass_columns_a,
          portal_ice_cave_entry_ice_simulacra
Temple:   eino_wide_crystal_templ
Lair:1:   layout_regular_city, chequers_serial_rivers_micro_b,
          minmay_stone_trees_small, uniq_gastronok
Lair:2:   layout_cave_pods, nicolae_swamp_entry_splash_gauntlet,
          dummy_spider_entry, gammafunk_ghost_hydra_chop

Skill      XL: |  1  2  3  4  5  6  7  8  9 10 11 12 |
---------------+-------------------------------------+-----
Invocations    | 1 2 3 4 5 6 7 8 |  8.5
Short Blades   | 1 2 3 5 6 7 |  7.8
Long Blades    | 1 2 3 5 6 7 |  7.8
Axes           | 1 2 3 5 6 7 |  7.8
Maces & Flails | 1 2 3 5 6 7 |  7.8
Polearms       | 1 2 3 5 6 7 |  7.8
Staves         | 1 2 3 5 6 7 |  7.8
Ranged Weapons | 1 2 3 5 6 7 |  7.8
Throwing       | 1 2 3 5 6 7 |  7.8
Armour         | 1 2 3 5 6 7 |  7.8
Stealth        | 1 2 3 5 6 7 |  7.8
Shields        | 1 2 3 5 6 7 |  7.8
Spellcasting   | 1 2 3 5 6 7 |  7.8
Evocations     | 1 2 3 5 6 7 |  7.8
Conjurations   | 1 2 3 4 5 6 |  6.4
Hexes          | 1 2 3 4 5 6 |  6.4
Summonings     | 1 2 3 4 5 6 |  6.4
Necromancy     | 1 2 3 4 5 6 |  6.4
Translocations | 1 2 3 4 5 6 |  6.4
Fire Magic     | 1 2 3 4 5 6 |  6.4
Ice Magic      | 1 2 3 4 5 6 |  6.4
Air Magic      | 1 2 3 4 5 6 |  6.4
Earth Magic    | 1 2 3 4 5 6 |  6.4
Alchemy        | 1 2 3 4 5 6 |  6.4
Fighting       | 3 4 5 6 7 8 |  8.2
Dodging        | 5 6 7 8 9 |  9.1
Unarmed Combat | 7 8 9 10 | 10.2
Shapeshifting  | 7 8 9 |  9.7

Action                     |  1- 3 |  4- 6 |  7- 9 | 10-12 || total
---------------------------+-------+-------+-------+-------++-------
  Melee: Unarmed           |    73 |    65 |   160 |   746 ||  1044
         Bite              |     5 |     6 |    35 |   129 ||   175
         Punch             |     2 |       |       |       ||     2
         Whip              |       |       |   146 |       ||   146
  Throw: Dart              |       |       |     6 |     3 ||     9
         Boomerang         |       |       |     7 |    87 ||    94
 Invoke: Call Merchant     |       |       |     1 |     1 ||     2
         Potion Petition   |       |       |       |     1 ||     1
  Evoke: Wand              |       |       |       |     9 ||     9
    Use: Scroll            |       |       |    11 |     5 ||    16
         Potion            |       |       |       |     6 ||     6
   Stab: Sleeping          |     3 |       |       |     1 ||     4
         Distracted        |       |       |       |     2 ||     2
 Armour: Animal skin       |     7 |       |       |       ||     7
         Scale mail        |     4 |    44 |    33 |       ||    81
         Skin              |     2 |     9 |    54 |   259 ||   324
         Leather armour    |     1 |       |       |    28 ||    29
         Chain mail        |       |       |    14 |       ||    14
         Robe              |       |       |     6 |       ||     6
         Ring mail         |       |       |    22 |       ||    22
         Plate armour      |       |       |       |    36 ||    36
  Dodge: Dodged            |    20 |    39 |   140 |   597 ||   796
  Block: Other             |    13 |     1 |       |       ||    14
         Buckler           |       |    20 |    58 |    66 ||   144
         Reflection        |       |     1 |       |     3 ||     4
   Form: Flux              |     1 |       |     3 |     5 ||     9
         Beast             |       |     1 |     2 |     5 ||     8
